 Seeded DCSS version 0.29-a0-551-gffc1d7fb78 (webtiles) character file.

Game seed: 20220605 (custom seed)

9 flotson the Sneak (level 2, -3/24 HPs)
             Began as a Demonspawn Delver on June 5, 2022.
             Slain by a phantom (7 damage)
             ... on level 5 of the Dungeon.
             The game lasted 00:02:30 (475 turns).

flotson the Sneak (Demonspawn Delver)                Turns: 475, Time: 00:02:31

Health: -3/24      AC:  3    Str: 12    XL:     2   Next: 3%
Magic:  2/2        EV: 12    Int: 11    God:
Gold:   0          SH:  0    Dex: 14    Spells: 1/1 levels left

rFire   . . .      SeeInvis .   a - +0 spear
rCold   . . .      Faith    .   (no shield)
rNeg    . . .      Spirit   .   b - +0 leather armour
rPois   .          Reflect  .   (no helmet)
rElec   .          Harm     .   (no cloak)
rCorr   .          Rampage  .   (no gloves)
Will    .....                   (no boots)
Stlth   +++.......              (no amulet)
HPRegen 0.08/turn               (no ring)
MPRegen 0.16/turn               (no ring)

@: no status effects
A: magic regeneration
a: no special abilities


You were on level 5 of the Dungeon.
You visited 1 branch of the dungeon, and saw 2 of its levels.

Inventory:

Hand Weapons
 a - a +0 spear (weapon)
Armour
 b - a +0 leather armour (worn)
Wands
 g - a wand of digging (3)
Scrolls
 c - a scroll of fog
 d - a scroll of magic mapping
 e - a scroll of fear
Potions
 h - a potion of heal wounds


   Skills:
 + Level 3.1 Fighting
 + Level 1.9 Polearms
 + Level 0.3 Armour
 + Level 2.0 Dodging
 + Level 4.6 Stealth
 + Level 0.3 Evocations


You had one spell level left.
You didn't know any spells.
Your spell library was empty.

Dungeon Overview and Level Annotations

Branches:
Dungeon (6/15)
 Temple: D:4-7

Altars:

Shops:
D:6 ?


Innate Abilities, Weirdness & Mutations

You regenerate magic rapidly.


Message History

Found a ring mail.
The phantom hits you. The phantom attacks as you move away!
The phantom hits you!
A centaur comes into view.
Found a stone staircase leading down.
Found 17 gold pieces.
The phantom attacks as you move away! The phantom hits you!
The phantom attacks as you move away!
The phantom hits you but does no damage.
The phantom attacks as you move away! The phantom hits you.
* * * LOW HITPOINT WARNING * * *
It was a potion of heal wounds.
You feel much better. The phantom completely misses you.
The phantom attacks as you move away!
The phantom hits you but does no damage.
The phantom attacks as you move away! The phantom barely misses you.
As you open the door, it creaks loudly! 2 wights come into view.
A wight comes into view. It is wielding a +2 battleaxe.
The phantom hits you.
The phantom blinks!
You blink.
As you read the scroll labelled BIESSEGAVEA, it crumbles to dust.
It is a scroll of amnesia.
You feel forgetful for a moment.
A wight comes into view. It is wielding a +0 scimitar.
The phantom hits you.
The phantom blinks!
You blink.
As you read the scroll labelled MEVU ICEINUINI, it crumbles to dust.
It is a scroll of identify.
You don't have any unidentified items.
The wight barely misses you.
A wight comes into view. It is wielding a +5 mace.
The phantom completely misses you. The wight attacks as you move away!
The wight hits you with a +0 scimitar!
* * * LOW HITPOINT WARNING * * *
The phantom barely misses you. The wight attacks as you move away!
The wight completely misses you. The phantom hits you.
* * * LOW HITPOINT WARNING * * *
The phantom blinks!
You blink.
The phantom hits you!
You die...

....... ### ...... ..
>.... #.#### .... ....#
###..# #...# #c...#
#@..# #
#....#######.W.# #
###..##$..##z..####
#####....#..8..#z.....#
#.................z...#
'..............#z.....#
#..........#...+.z....#
...........#####......#
.##+####+### ####'###


You could see a phantom and 5 wights.

Vanquished Creatures
  An adder (D:6)
1 creature vanquished.

Notes
Turn   | Place    | Note
-------+----------+-------------------------------------------
     0 | D:5      | flotson the Demonspawn Delver began the quest for the Orb.
     0 | D:5      | Reached XP level 1. HP: 18/18 MP: 1/1
    22 | D:5      | You fall into a shaft and drop 1 floor!
    80 | D:6      | Noticed a scorpion
    96 | D:6      | Noticed a necrophage
   168 | D:6      | Found Honwi's Magic Scroll Emporium.
   183 | D:6      | Gained mutation: You regenerate magic rapidly. [demonic
                  | ancestry]
   183 | D:6      | Reached XP level 2. HP: 10/24 MP: 2/2
   449 | D:5      | Noticed a phantom
   455 | D:5      | Noticed a centaur
   468 | D:5      | Noticed a wight
   468 | D:5      | Noticed a wight
   468 | D:5      | Noticed a wight
   469 | D:5      | Noticed a wight
   470 | D:5      | Noticed a wight
   475 | D:5      | Slain by a phantom

Illustrated notes

Levels and vault maps discovered:
D:5:      layout_gridville, ebering_ghost_sewer_d, mrwooster_statue_mirror
D:6:      layout_loops_corners, gammafunk_temple_overflow_forgotten,
          serial_shops, nicolae_shop_trees, nicolae_shop_waterfront, uniq_edmund

Skill      XL: |  1 |
---------------+----+-----
Dodging        | 2 |  2.0
Fighting       | |  3.1
Polearms       | |  1.9
Armour         | |  0.3
Stealth        | |  4.6
Evocations     | |  0.3

Action                   || total
-------------------------++-------
Melee: Spear             ||     7
  Use: Potion            ||     2
       Scroll            ||     2
Armor: Leather armour    ||     4
Dodge: Dodged            ||     9

Table legend: (Time is in decaauts)
 A = Elapsed time spent in this place.
 B = Non-inter-level travel time spent in this place.
 C = Inter-level travel time spent in this place.
 D = Time resting spent in this place.
 E = Time spent auto-exploring this place.
 F = Levels seen in this place.
 G = Mean time per level.
                   A        B        C        D        E       F      G
               +--------+--------+--------+--------+--------+-----+--------+
         Total |    454 |    454 |      0 |      0 |    298 |   2 |  227.0 |
       Dungeon |    454 |    454 |      0 |      0 |    298 |   2 |  227.0 |
               +--------+--------+--------+--------+--------+-----+--------+

Top non-repeatable levels by time:
     D:6: 385 daAuts
     D:5: 68 daAuts
